 Dungeon Crawl Stone Soup version 0.31.0-32-g396128a36d (webtiles) character file.

Game seed: 12663702360820875107

10136 TacoSundae the Cleaver (level 11, -2/90 HPs)
             Began as a Barachi Berserker on Apr 20, 2024.
             Was an Elder of Trog.
             Slain by a gargoyle
             ... wielding a +0 mace
              (17 damage)
             ... on level 10 of the Dungeon.
             The game lasted 00:30:37 (10601 turns).

TacoSundae the Cleaver (Barachi Berserker)         Turns: 10601, Time: 00:30:38

Health: -2/90      AC: 16    Str: 23    XL:     11   Next: 57%
Magic:  11/11      EV: 14    Int:  8    God:    Trog [****..]
Gold:   529        SH:  0    Dex: 11    Spells: 10/10 levels left

rFire   . . .        a - +1 war axe (elec)
rCold   + . .        (no shield)
rNeg    + . .        D - +0 acid dragon scales
rPois   .            A - +0 helmet
rElec   .            m - +1 cloak
rCorr   +            j - +1 pair of gloves
SInv    .            I - +0 pair of boots
Will    .....        (no amulet)
Stlth   +            w - ring of protection from cold
HPRegen 0.35/turn    c - ring of positive energy
MPRegen 0.12/turn

%: no passive effects
@: slow
A: amphibious, slowness 1, strong legs 1, +LOS
a: Hop, Renounce Religion, Berserk, Trog's Hand, Brothers in Arms


You were on level 10 of the Dungeon.
You worshipped Trog.
Trog was greatly pleased with you.
You visited 2 branches of the dungeon, and saw 12 of its levels.
You also visited: Sewer.

You collected 529 gold pieces.

Inventory:

Hand Weapons
 a - a +1 war axe of electrocution (weapon)
 b - the +1 whip "Zaocoof" {venom, Int+4}
   (You found it on level 2 of the Dungeon)

   Int+4:     It affects your intelligence (+4).
Missiles
 q - 17 poisoned darts (quivered)
 u - 6 throwing nets
 C - a curare-tipped dart
 H - 7 boomerangs
Armour
 j - a +1 pair of gloves (worn)
 m - a +1 cloak (worn)
 A - a +0 helmet (worn)
 D - +0 acid dragon scales (worn)
 I - a +0 pair of boots (worn)
Jewellery
 c - a ring of positive energy (right hand)
 w - a ring of protection from cold (left hand)
Wands
 o - a wand of flame (7)
 x - a wand of quicksilver (9)
 B - a wand of paralysis (10)
Scrolls
 e - 3 scrolls of teleportation
 n - 4 scrolls of blinking
 p - 3 scrolls of poison
 t - 2 scrolls of revelation
 y - a scroll of enchant armour
Potions
 d - a potion of cancellation
 f - 3 potions of mutation
 g - a potion of attraction
 h - 2 potions of berserk rage
 i - 4 potions of curing
 k - 2 potions of brilliance
 l - a potion of heal wounds
 r - 3 potions of might
 s - 4 potions of resistance {unknown}
 v - a potion of enlightenment {unknown}
 z - 2 potions of ambrosia {unknown}
 E - a potion of magic {unknown}
 F - a potion of lignification {unknown}


   Skills:
 + Level 9.9 Fighting
 * Level 13.6 Axes
 + Level 9.4 Armour
 + Level 8.6 Dodging


You had 10 spell levels left.
You didn't know any spells.
Your spell library was empty.

Dungeon Overview and Level Annotations

Branches:
Dungeon (11/15)            Temple (1/1) D:7           Sewer (visited)
   Lair: D:8-11         Orc: D:9-12

Altars:
Ashenzari
Cheibriados
Dithmenos
Elyvilon
Fedhas
Gozag
Hepliaklqana
Kikubaaqudgha
Makhleb
Nemelex Xobeh
Okawaru
Qazlal
Ru
Sif Muna
Trog
Uskayaw
Vehumet
Wu Jian
Xom
Yredelemnul
Zin
The Shining One

Shops:
D:2 [   D:9 (

Annotations:
D:11 Fannar
Temple 4 transporters


Innate Abilities, Weirdness & Mutations

You are amphibious.
You cover ground slowly.
You can hop short distances.
You have an extended range of vision and can be seen from far away.


Message History

You slash the gargoyle!
The gargoyle is heavily damaged.
The gargoyle hits you but does no damage.
You hit the gargoyle but do no damage.
The gargoyle is heavily damaged.
You slash the gargoyle!
The gargoyle is almost destroyed.
A killer bee comes into view.
The gargoyle hurls a stone arrow at you.
The stone arrow hits you!
Fannar points at you and mumbles some strange words.
The bolt of cold hits you! You resist.
You hit the gargoyle.
The gargoyle is almost destroyed.
The gargoyle hits you with a +0 mace!
Fannar gestures wildly while chanting.
Fannar drains the heat from the surrounding environment!
You resist.
Unknown command.
A killer bee comes into view.
Fannar mumbles some strange words.
There is a stone staircase leading up here.
Unknown command.
The gargoyle hits you but does no damage.
Fannar brushes some snowflakes from their robe.
Fannar casts a spell.
You climb upwards.
There is a stone staircase leading down here.
Unknown command.
You are too injured to fight recklessly!
You are too injured to fight recklessly!
You hit the gargoyle but do no damage.
The gargoyle is almost destroyed.
The gargoyle hurls a stone arrow at you.
The stone arrow hits you!!
* * * LOW HITPOINT WARNING * * *
You completely miss the gargoyle.
The gargoyle is almost destroyed.
The gargoyle hits you with a +0 mace!
You die...

~~~~~~#.#..'...#......#..........
#######.#..#...'..).).#..........
........##'#...#..)#.!#..........
.....#..#..##'##...#.............
###..#..#......#...#.............
..#..#..#......#...####..........
..#..#..#...##'#...#..#..........
..#..####...#..#####..'..........
..##'#..#...#..9@..#..#..........
..#..'.################..........
###..#.# #≈≈≈≈≈≈≈≈# #..........
..#..#.####........####..........
..####.#_........)..[...########.
.....'.####........####........#.
..#..### #≈≈≈≈≈≈≈≈# #........#.
..#..#.################........##
..#..#..#......# #..#........'.


You could see a gargoyle.

Vanquished Creatures
  Erolcha (D:9)
  A two-headed ogre (D:10)
  Pikel (D:4)
  Maurice (D:7)
  A gargoyle (D:10)
  Maggie (D:6)
  Jeremiah (D:7)
  2 kobold demonologists (D:9)
  3 hornets (D:8)
  Sigmund (D:5)
  A wraith (D:10)
  A shadow (D:10)
  A vampire (D:9)
  Eustachio (D:4)
  11 yaks
  2 acid dragons
  A water moccasin (D:6)
  Duvessa (D:4)
  2 orc warriors
  2 ice beasts
  A black bear (D:2)
  4 centaurs
  A phantom (D:6)
  2 kobold brigands
  6 bullfrogs
  5 scorpions
  A burial acolyte (D:10)
  Dowan (D:4)
  7 wights
  A howler monkey (D:9)
  5 electric eels (D:6)
  A crimson imp (D:9)
  2 orc priests
  A bombardier beetle (D:5)
  2 gnoll boudas
  5 hounds
  A jelly (D:5)
  4 iguanas (D:5)
  8 orc wizards
  14 gnolls
  12 adders
  2 white imps
  A ribbon worm (D:3)
  13 dart slugs
  23 orcs
  14 ball pythons
  13 bats
  9 endoplasms
  10 giant cockroaches
  A goblin (D:2)
  3 hobgoblins
  14 kobolds
  3 quokkas
  12 frilled lizards
  2 jackal zombies (D:10)
  4 rats
244 creatures vanquished.

Notes
Turn   | Place    | Note
-------+----------+-------------------------------------------
     0 | D:1      | TacoSundae the Barachi Berserker began the quest for the
                  | Orb.
     0 | D:1      | Reached XP level 1. HP: 18/18 MP: 1/1
   200 | D:1      | Reached XP level 2. HP: 24/24 MP: 2/2
   221 | D:1      | Reached skill level 4 in Axes
   814 | D:2      | Reached XP level 3. HP: 26/29 MP: 3/3
   875 | D:2      | Reached ** piety under Trog
   897 | D:2      | Identified the +1 whip "Zaocoof" {venom, Int+4}
   926 | D:2      | Noticed a black bear
   944 | D:2      | Killed a black bear
   945 | D:2      | Reached skill level 6 in Axes
   945 | D:2      | Reached XP level 4. HP: 6/36 MP: 4/4
   945 | D:2      | Reached XP level 5. HP: 7/41 MP: 5/5
  1216 | D:2      | Found Zeaniam's Antique Armour Boutique.
  1686 | D:3      | Found a glowing drain.
  1690 | Sewer    | Entered a sewer
  1796 | Sewer    | Reached skill level 7 in Axes
  1861 | Sewer    | Reached XP level 6. HP: 47/47 MP: 6/6
  1914 | Sewer    | Reached *** piety under Trog
  2502 | D:3      | Reached XP level 7. HP: 54/54 MP: 7/7
  2724 | D:3      | Found a shimmering blue altar of Sif Muna.
  3001 | D:4      | Noticed Eustachio
  3030 | D:4      | Noticed Duvessa
  3031 | D:4      | Noticed Dowan
  3039 | D:4      | Killed Eustachio
  3040 | D:4      | Reached skill level 8 in Axes
  3048 | D:4      | Killed Duvessa
  3050 | D:4      | Killed Dowan
  3088 | D:4      | Found a snail-covered altar of Cheibriados.
  3264 | D:4      | Noticed Pikel
  3281 | D:4      | Killed Pikel
  3282 | D:4      | Reached skill level 5 in Fighting
  3282 | D:4      | Reached skill level 9 in Axes
  3282 | D:4      | Reached XP level 8. HP: 52/63 MP: 8/8
  3556 | D:4      | Reached skill level 5 in Armour
  3802 | D:5      | Entered Level 5 of the Dungeon
  3913 | D:5      | Noticed Sigmund
  3923 | D:5      | Killed Sigmund
  3941 | D:5      | HP: 1/64 [acid (9)]
  4188 | D:5      | Reached skill level 5 in Dodging
  4188 | D:5      | Reached XP level 9. HP: 43/69 MP: 9/9
  4316 | D:5      | Reached skill level 10 in Axes
  4322 | D:5      | Found a shadowy altar of Dithmenos.
  4381 | D:5      | Found a sand-covered staircase.
  5344 | D:6      | Reached **** piety under Trog
  5966 | D:7      | Noticed Jeremiah
  6255 | D:7      | Noticed Maggie
  6274 | D:6      | Killed Maggie
  6275 | D:6      | Reached skill level 11 in Axes
  6358 | D:7      | Reached XP level 10. HP: 79/79 MP: 10/10
  6538 | D:7      | Noticed Maurice
  6548 | D:7      | Killed Maurice
  6559 | D:7      | Found a staircase to the Ecumenical Temple.
  6574 | Temple   | Found a transporter.
  6574 | Temple   | Found a transporter.
  6574 | Temple   | Found a transporter.
  6574 | Temple   | Found a transporter.
  6574 | Temple   | Entered the Ecumenical Temple
  6649 | D:7      | Killed Jeremiah
  7124 | D:8      | Identified the +1 whip of Untimely Demise {venom, ^Fragile
                  | +Blink rElec SInv}
  7169 | D:8      | Found an iron altar of Okawaru.
  7189 | D:8      | Paralysed by a hornet for 1 turns
  7741 | D:8      | Reached skill level 12 in Axes
  8019 | D:9      | Found Apnoaq's Weapon Shoppe.
  8032 | D:8      | Paralysed by a hornet for 1 turns
  8036 | D:8      | Paralysed by a hornet for 1 turns
  8324 | D:9      | Noticed a kobold demonologist
  8339 | D:9      | Killed a kobold demonologist
  8340 | D:9      | Noticed a kobold demonologist
  8346 | D:9      | Killed a kobold demonologist
  8538 | D:9      | Noticed Erolcha
  8568 | D:9      | Reached XP level 11. HP: 54/89 MP: 11/11
  8571 | D:9      | Killed Erolcha
  8572 | D:9      | Reached skill level 13 in Axes
  8943 | D:9      | Found a burning altar of Makhleb.
  8944 | D:9      | Found a shimmering altar of Xom.
  9149 | D:10     | Entered Level 10 of the Dungeon
  9260 | D:10     | Noticed a two-headed ogre
  9267 | D:10     | Killed a two-headed ogre
  9915 | D:10     | Found an ancient bone altar of Kikubaaqudgha.
 10591 | D:11     | Noticed Fannar
 10601 | D:10     | Slain by a gargoyle

Illustrated notes

Levels and vault maps discovered:
D:1:      elethiomel_arrival_infinity_welcomes_careful_drivers,
          layout_loops_ring, grunt_decor_clamped
D:2:      layout_loops_ring, serial_shops, shop
D:3:      layout_loops_corners, lemuel_round_altar,
          mainiacjoe_sewer_entry_somewhere_in_here_2
D:4:      layout_basic, mainiacjoe_overflow_boulevard, uniq_duvessa,
          uniq_eustachio, uniq_pikel
D:5:      layout_rooms, lemuel_round_altar, nicolae_ossuary_entry_plus,
          uniq_sigmund
D:6:      layout_rooms, serial_bayou, serial_bayou_pond_c, serial_bayou_shore_a,
          serial_bayou_lake_a, serial_bayou_ford_a
D:7:      layout_basic, minmay_temple_entry_steel_oval, uniq_maurice,
          uniq_maggie, uniq_jeremiah
D:8:      layout_basic, mainiacjoe_overflow_concentric_impassable
D:9:      layout_cross, grunt_temple_overflow_champion_of_chaos, serial_shops,
          shop, uniq_erolcha
D:10:     layout_grid_maze, lemuel_zombie_altar_kikubaaqudgha,
          kennysheep_generic_room_6
D:11:     layout_cave_pools, dpeg_lair_monsters, serial_shops,
          nicolae_shop_waterfront, uniq_fannar
Temple:   hellmonk_temple_divided_pantheon

Skill      XL: |  1  2  3  4  5  6  7  8  9 10 11 |
---------------+----------------------------------+-----
Axes           | 4 6 7 9 11 12 13 | 13.6
Fighting       | 4 5 6 7 9 |  9.9
Armour         | 3 4 5 7 8 9 |  9.4
Dodging        | 4 5 6 7 8 |  8.6

Action                     |  1- 3 |  4- 6 |  7- 9 | 10-12 || total
---------------------------+-------+-------+-------+-------++-------
  Melee: Hand axe          |    80 |       |       |       ||    80
         Whip              |    13 |   218 |   353 |    20 ||   604
         Punch             |       |     2 |     5 |     2 ||     9
         War axe           |       |       |     9 |   222 ||   231
 Invoke: Berserk           |     1 |     2 |     7 |     6 ||    16
         Trog's Hand       |       |       |       |     1 ||     1
Ability: Hop               |       |       |     3 |     2 ||     5
  Evoke: Wand              |       |       |       |     1 ||     1
    Use: Scroll            |       |     7 |     4 |     6 ||    17
         Potion            |       |       |       |     1 ||     1
 Armour: Scale mail        |    73 |   142 |   203 |       ||   418
         Steam dragon scal |       |       |    17 |    85 ||   102
         Acid dragon scale |       |       |       |    91 ||    91
  Dodge: Dodged            |    47 |   101 |   142 |   166 ||   456
